cohdb
Replays
Latest Replays
All Replays
Popular Replays
Top Player Replays
Match Explorer
How It Works
Community
CoH3 Stats
Reddit
Sign in to upload your games and track your stats! →
Sign in with Steam
Match 47259625
Unlisted
Match 47259625
Overview
Messages
Build Orders
End
Construct Infanterie Kompanie
Kettenkrad Recon Vehicle
Selects Terror Battlegroup
MG 42 Machine Gun Team
Selects Machine Gun Camouflage
MG 42 Machine Gun Team
Construct Luftwaffe Kompanie
Jäger Squad
Jäger Squad
Selects Interrogate
Medical Station
Jäger Squad
Luftwaffe Officer Quarters
Support Elements
Wirbelwind Flakpanzer
Wirbelwind Flakpanzer
IronDragon
skyhawkfranky
Cicero_540
Polar
BORO324
Sweet Bread
0
0
Comments
sign in to comment!
No comments posted yet!